Zazza, neutral female human Tourist ------- |......# ------------- # |.....|# |...........| --------------- #####%......|# |...........| |..............########|.....|# |............#### |.............|##### -------# |...........| # |..............# # # |...........| ###------------ |............>|### #########............| ##|........(.| |.............|# # ---------.--- # |..........| -.-----.-------# # ##### ####...........| ### ##### # # #### # # |..........| # ##### `###################@###################### ------------ --.-- #--.---# ## B ######### -.---# |....####|....-# #--------.--- |...|# |...| ##|....| #|..........| |...|# |<...####...{.| #...........| |....# ----- ------ |..........| ----- ------------ Zazza the Sightseer Experience level: 3 Strength: 10 Dexterity: 11 Constitution: 18 Intelligence: 16 Wisdom: 8 Charisma: 14 Health: 0(35) Energy: 11(11) Def: 2 Gold: 0 Moves: 2339 Dungeon seed: 9KezzWiTgw91CbHL Game ID: Zazza_1595775485 Your Inventory: Weapons a - 23 +2 darts D - the +0 Werebane (weapon in hand) Armor e - an uncursed +0 Hawaiian shirt (being worn) q - an uncursed +1 elven leather helm (being worn) Comestibles c - an uncursed tripe ration Wands C - a wand of cancellation (0:3) M - a wand of sleep (0:4) Tools k - an uncursed credit card z - an uncursed bag of holding N - an uncursed sack Contents of the bag of holding: 1494 gold pieces a +0 javelin a cursed -2 long sword a +0 orcish dagger an uncursed +0 dwarvish iron helm an uncursed +0 splint mail an uncursed egg 4 uncursed tripe rations a cursed scroll of enchant weapon an uncursed scroll of genocide 2 cursed scrolls of identify an uncursed scroll of light an uncursed scroll of magic mapping a blessed scroll of teleportation a blessed spellbook of remove curse an uncursed potion of blindness an uncursed potion of fruit juice an uncursed potion of gain ability a blessed potion of monster detection an uncursed potion of water an uncursed ring of aggravate monster an expensive camera (0:71) an uncursed worthless piece of blue glass an uncursed worthless piece of green glass an uncursed worthless piece of orange glass Spells and supernatural/magical abilities: Name Level Category Fail Memory r - remove curse 3 clerical 100% 89% W - pray for help -- divine ? -- Your skills at the end: Fighting Skills Weapon Skills dart [Basic] Spellcasting Skills Final Attributes: You were stridently aligned. You were telepathic. You are dead. Vanquished creatures: a floating eye a kobold shaman an iguana a gas spore 2 giant rats a brown mold a green mold a red mold a gecko 6 jackals a kobold a goblin 9 grid bugs 4 lichens 3 newts 34 creatures vanquished. Voluntary challenges: You used a wielded weapon 21 times, starting on turn 586. You read items or engraved 19 times, starting on turn 49. You never genocided any monsters. You never polymorphed an object. You never changed form. You used no wishes. You never split a pudding. You wrote Elbereth's name 2 times, starting on turn 449. You never violated your personal moral code. Dungeon overview: The Dungeons of Doom: levels 1 to 7 Level 1 a long staircase Level 2 a long staircase Level 3 a fountain Level 4 <- You were here a fountain Level 5 a fountain Level 6 Level 7 many fountains History has recorded: On T:1 you entered the Dungeons of Doom to retrieve the Amulet of Yendor! On T:406 you reached level 2 of The Dungeons of Doom. On T:792 you reached level 3 of The Dungeons of Doom. On T:1158 you reached level 4 of The Dungeons of Doom. On T:1227 you advanced to experience level 2. On T:1419 you reached level 5 of The Dungeons of Doom. On T:1757 you reached level 6 of The Dungeons of Doom. On T:1961 you advanced to experience level 3. On T:2029 you reached level 7 of The Dungeons of Doom. Score breakdown: Gold: 789 ( 9856 points) Experience: 3 levels ( 7878 points) Exploration: 7 levels ( 13.46%) (10289 points) Discoveries: 1 item ( 0.34%) ( 1737 points) Valuables value: (no points given unless you survive) Artifact value: 1500 (10804 points) Variety of kills: 15 monsters ( 3.94%) ( 5952 points) Turncount: 2339 turns ( -232 points) Survival: died (score multiplied by 80%) Total score: 37027 Latest messages: You put a crude dagger into the bag. You put a throwing spear into the bag. You put a scroll labeled LEP GEX VEN ZEA into the bag. You put an uncursed scroll of magic mapping into the bag. You are beginning to feel hungry. f - an uncursed lembas wafer. This lembas wafer is delicious! You finish eating the lembas wafer. The giant bat bites! (3x) You begin praying to The Lady. The giant bat bites! (2x) You die... The sack is empty. Final status: Aloha Zazza the Tourist, killed by a giant bat, while praying... You died in The Dungeons of Doom on dungeon level 4 with 37027 points, and 1494 pieces of gold, after 2339 moves. You were level 3 with a maximum of 35 hit points when you died.